Map: Frost LE

Players

Fropez

  • Race: Protoss Protoss
  • League: Gold
  • Spawn Location: 7:00

Sanchey - Winner!

  • Race: Terran Terran
  • League: Gold
  • Spawn Location: 11:00

VOD

Have the link to the VOD?

Description

Time

  • Played on: Nov. 12, 2016, 3:18 p.m.
  • Length: 20:21
Show
View Real Time Build Order
Export as new Build Order

Fropez Protoss 

Build Orders:  

Get SALT Encoding   

  12  0:02  Probe (Chrono Boost)  
  13  0:12  Probe (Chrono Boost)  
  14  0:19  Pylon  
  14  0:23  Probe (Chrono Boost)  
  15  0:30  Assimilator  
  15  0:37  Probe (Chrono Boost)  
  15  0:39  Gateway  
  16  0:48  Probe (Chrono Boost)  
  17  0:51  Assimilator  
  17  0:58  Probe (Chrono Boost)  
  18  1:15  Probe (Chrono Boost)  
  19  1:26  Probe (Chrono Boost), Gateway  
  20  1:35  Cybernetics Core  
  20  1:36  Probe (Chrono Boost)  
  20  1:38  Assimilator  
  21  1:47  Probe (Chrono Boost)  
  22  1:55  Pylon  
  22  2:03  Probe (Chrono Boost)  
  22  2:14  Probe (Chrono Boost)  
  23  2:22  Nexus  
  23  2:25  Probe (Chrono Boost)  
  23  2:29  Pylon  
  25  2:40  Mothership Core (Chrono Boost)  
  25  2:41  Warp Gate (Chrono Boost)  
  26  2:45  Stalker  
  28  2:53  Stalker  
  31  3:05  Probe  
  31  3:13  Twilight Council  
  31  3:17  Probe  
  32  3:21  Adept  
  34  3:28  Pylon  
  34  3:29  Probe  
  35  3:39  Pylon  
  35  3:42  Probe  
  35  3:44  Adept  
  38  3:50  Resonating Glaives (Chrono Boost)  
  38  3:54  Adept  
  40  3:58  Probe  
  40  4:02  Probe  
  41  4:09  Pylon  
  42  4:10  Probe  
  42  4:13  Probe  
  42  4:14  Pylon  
  44  4:35  Probe, Gateway  
  44  4:36  Gateway  
  45  4:41  Probe  
  46  4:52  Probe, Robotics Facility  
  46  4:53  Probe  
  46  4:57  Pylon  
  46  5:04  Adept x2  
  46  5:05  Probe  
  46  5:06  Probe  
  50  5:24  Probe  
  50  5:28  Assimilator  
  51  5:30  Assimilator  
  49  5:36  Probe, Robotics Facility  
  49  5:37  Pylon x2, Probe  
  52  5:43  Warp Prism (Chrono Boost)  
  53  5:50  Adept x2  
  53  5:51  Adept x2  
  53  5:56  Probe  
  62  5:57  Probe  
  63  6:09  Probe  
  63  6:11  Probe  
  65  6:12  Gateway  
  65  6:19  Immortal (Chrono Boost)  
  65  6:21  Gateway  
  65  6:23  Pylon  
  69  6:36  Stalker x3  
  75  6:41  Probe x2  
  75  6:43  Pylon  
  77  6:52  Pylon  
  77  6:55  Charge  
  77  7:09  Gateway  
  73  7:29  Immortal (Chrono Boost)  
  77  7:43  Adept x5  
  77  8:08  Stalker  
  77  8:09  Stalker x3  
  85  8:15  Adept  
  91  8:20  Immortal (Chrono Boost)  
  91  8:39  Stalker x5  
  101  8:54  Observer (Chrono Boost)  
  94  9:29  Stalker x3  
  94  9:30  Stalker  
  102  9:48  Nexus  
  102  9:52  Assimilator  
  102  9:53  Assimilator  
  102  10:01  Pylon  
  102  10:09  Pylon  
  102  10:12  Pylon  
  102  10:16  Pylon  
  102  10:18  Stalker x2  
  102  10:19  Stalker x3  
  112  10:22  Immortal (Chrono Boost)  
  110  10:45  Stalker x5  
  115  11:02  Gateway  
  115  11:06  Gateway  
  115  11:18  Immortal (Chrono Boost)  
  119  11:32  Adept  
  119  11:33  Adept x4  
  119  11:37  Probe  
  119  11:38  Probe  
  131  11:48  Immortal (Chrono Boost)  
  131  11:52  Immortal (Chrono Boost)  
  131  11:54  Templar Archives  
  139  11:56  Pylon, Probe  
  139  11:57  Probe  
  139  11:58  Probe  
  142  12:09  Adept x5  
  152  12:27  Pylon  
  152  12:33  Forge x2  
  152  12:34  Pylon  
  152  12:35  Pylon  
  152  12:50  Nexus  
  152  12:54  Assimilator  
  152  12:57  Assimilator  
  152  13:02  Pylon  
  152  13:05  Pylon  
  148  13:23  Stalker x4  
  100  13:52  Adept x5, Probe  
  100  13:53  Adept x3  
  100  13:54  Probe x2  
  113  14:08  Gateway  
  109  14:22  Protoss Shields Level 1 (Chrono Boost)  
  109  14:24  Protoss Ground Weapons Level 1 (Chrono Boost)  
  109  14:32  Gateway  
  109  14:34  Gateway  
  109  14:36  Gateway  
  109  14:51  High Templar  
  109  14:52  High Templar x7  
  123  14:53  High Templar  
  123  14:55  Archon  
  123  14:56  Archon x3  
  123  14:59  Psionic Storm  
  127  15:20  Probe  
  127  15:21  Probe x3  
  130  15:24  Nexus  
  130  15:28  Assimilator  
  131  15:32  Assimilator  
  131  15:35  Pylon  
  131  15:38  High Templar x5  
  131  15:39  High Templar x5  
  131  15:40  Pylon  
  131  15:42  Archon x2  
  151  15:43  Archon x3  
  151  15:44  Pylon  
  151  15:51  Probe x2  
  151  15:52  Probe  
  154  16:01  Pylon x2  
  154  16:02  Pylon  
  154  16:03  Probe  
  154  16:04  Pylon, Probe  
  150  16:22  Protoss Ground Weapons Level 2 (Chrono Boost)  
  150  16:23  Protoss Shields Level 2 (Chrono Boost)  
  131  16:36  High Templar x4  
  131  16:37  High Templar x5  
  137  16:40  Archon x2  
  137  16:41  Archon x3  
  125  17:11  Immortal  
  125  17:17  Immortal  
  125  17:21  Zealot  
  125  17:22  Zealot x4  
  141  17:23  Zealot x3  
  141  17:24  Zealot  
  147  17:46  Immortal  
  145  17:58  Zealot x2  
  145  17:59  Zealot x4  
  145  18:00  Zealot  
  159  18:31  Protoss Ground Armor Level 1 (Chrono Boost)  
  79  19:23  Zealot  
  79  19:24  Zealot x5  
  57  19:25  Zealot x2  
  57  19:28  High Templar x2  
  57  19:29  High Templar x2  
  69  19:49  High Templar  
  69  19:51  Archon x2  
  71  19:53  Zealot x3  
Show
View Real Time Build Order
Export as new Build Order

Sanchey Terran - Winner!

Build Orders: MMM Bio 

Get SALT Encoding   

  12  0:01  SCV  
  13  0:13  SCV  
  14  0:19  Supply Depot  
  14  0:26  SCV  
  15  0:42  Barracks  
  15  0:52  SCV  
  15  0:53  Barracks  
  16  1:04  SCV  
  17  1:13  Refinery  
  17  1:30  Marine  
  18  1:36  Orbital Command  
  18  1:53  Marine  
  19  2:06  Barracks Tech Lab, Command Center  
  19  2:14  SCV  
  20  2:16  Marine  
  21  2:27  Marauder  
  23  2:37  Supply Depot  
  23  2:38  Refinery  
  23  2:53  Supply Depot  
  23  2:59  Barracks Reactor, SCV  
  24  3:11  SCV  
  24  3:12  Marauder  
  27  3:23  SCV  
  27  3:24  Orbital Command  
  28  3:32  Marine, Factory  
  29  3:35  SCV  
  29  3:37  Marine  
  29  3:38  Marine  
  32  3:47  SCV, Supply Depot  
  33  3:50  Marine  
  34  4:00  SCV  
  35  4:08  Marine  
  36  4:12  Marine x2, SCV  
  39  4:18  Factory Tech Lab  
  39  4:21  Supply Depot  
  39  4:24  SCV  
  39  4:27  SCV  
  39  4:28  Starport  
  41  4:34  Engineering Bay  
  41  4:36  Marine, SCV  
  43  4:40  SCV  
  44  4:48  SCV, Supply Depot  
  44  4:52  SCV  
  45  5:00  SCV  
  45  5:03  Terran Infantry Weapons Level 1  
  46  5:07  Missile Turret  
  46  5:12  Command Center  
  43  5:35  Starport Reactor  
  43  5:40  Stimpack  
  43  5:41  Supply Depot  
  43  5:43  SCV  
  43  5:48  SCV  
  45  5:51  Siege Tank  
  45  5:55  SCV  
  49  5:58  Marine x2, Marauder  
  49  6:00  SCV  
  54  6:07  SCV  
  54  6:08  Supply Depot  
  55  6:12  SCV  
  55  6:15  Medivac  
  55  6:16  Marine, Medivac  
  61  6:19  SCV  
  61  6:22  Marine  
  61  6:23  Marauder  
  61  6:24  SCV  
  66  6:31  Supply Depot  
  66  6:33  Marine, Orbital Command  
  66  6:36  Refinery  
  66  6:39  SCV  
  68  6:40  Marine  
  68  6:44  Marauder  
  71  6:51  Marine  
  71  6:53  SCV x2  
  71  6:54  Supply Depot  
  74  6:58  Marine  
  75  7:02  Siege Tank  
  75  7:05  SCV  
  75  7:06  SCV  
  78  7:17  SCV, Armory  
  79  7:23  SCV x2  
  79  7:26  Marine x2, Marauder  
  79  7:29  SCV  
  86  7:31  Orbital Command  
  86  7:35  SCV  
  87  7:40  Barracks  
  87  7:41  Combat Shields  
  87  7:42  Barracks  
  87  7:43  Marine  
  87  7:44  Marine  
  88  7:45  Siege Tank  
  88  7:47  Marine  
  92  7:51  Refinery  
  86  8:07  SCV x3  
  89  8:25  Marine  
  89  8:26  Marine, Marauder  
  93  8:43  Marine  
  93  8:46  Missile Turret  
  93  8:47  Barracks Reactor, Barracks Tech Lab  
  92  8:55  Missile Turret  
  86  9:04  SCV x3  
  86  9:08  Terran Infantry Armor Level 1  
  85  9:16  SCV x2  
  85  9:17  SCV  
  83  9:28  SCV x2  
  83  9:29  SCV  
  85  9:40  SCV  
  86  9:49  Marine  
  86  9:50  Marine, Marauder  
  86  9:51  Medivac x2  
  94  10:07  Marine x2  
  94  10:11  Missile Turret  
  94  10:12  Siege Tank, Missile Turret  
  99  10:21  Medivac x2  
  99  10:28  Concussive Shells  
  98  10:46  Refinery  
  98  10:48  Marine  
  98  10:49  Marine, Marauder  
  102  11:04  Terran Vehicle And Ship Armor Level 1  
  102  11:06  Marine x2  
  102  11:10  Marauder  
  106  11:24  Marine x2  
  108  11:32  Marauder  
  110  11:39  Barracks  
  110  11:42  Marine x2  
  110  11:43  Barracks  
  112  11:48  Sensor Tower  
  112  11:50  SCV x2, Barracks  
  112  11:51  SCV  
  112  11:52  Barracks  
  112  11:53  Marauder  
  117  11:54  Terran Infantry Weapons Level 2  
  117  12:02  SCV  
  117  12:03  SCV x2  
  117  12:04  Engineering Bay, Medivac x2  
  124  12:14  SCV  
  125  12:28  Supply Depot x2  
  125  12:32  Supply Depot  
  125  12:33  Supply Depot  
  125  12:48  Barracks Tech Lab x2  
  125  12:49  SCV x2, Marauder, Medivac x2  
  133  12:53  Barracks Tech Lab  
  133  12:56  Command Center  
  129  13:19  Medivac  
  129  13:26  Barracks Reactor  
  107  13:55  Marine x4  
  109  13:56  Marine x2, Marauder  
  109  13:59  Medivac x2  
  119  14:12  Liberator x2  
  119  14:13  Marine x3  
  119  14:14  Marauder x3  
  130  14:17  Marauder  
  130  14:20  Terran Infantry Weapons Level 3  
  130  14:22  Terran Infantry Armor Level 2  
  136  14:32  Marauder  
  136  14:36  Refinery  
  138  14:41  Planetary Fortress  
  138  14:49  Marine x4, Marauder x3  
  148  15:01  Supply Depot  
  148  15:35  Siege Tank  
  151  15:37  SCV x2  
  153  15:45  Marine x5, Marauder  
  153  15:46  Marine, Marauder x2  
  153  15:48  Viking  
  153  15:49  Viking  
  169  16:07  Siege Tank  
  172  16:28  Marine x2  
  172  16:29  Marine x3, Marauder x3  
  172  16:30  Marauder  
  179  16:38  Hi-Sec Auto Tracking  
  166  16:46  Marine x3  
  155  16:47  Marauder  
  155  16:50  Marauder  
  155  16:51  Marauder  
  156  17:11  Marine  
  156  17:12  Marine x4, Marauder x3  
  156  17:13  Marauder  
  167  17:29  Marine x3  
  164  17:30  Marine, Marauder  
  164  17:33  Marauder  
  164  17:34  Marauder  
  168  17:52  Marauder  
  168  17:57  SCV x4  
  174  18:07  Missile Turret  
  174  18:09  SCV x2  
  174  18:11  Missile Turret x2  
  176  18:13  Marauder  
  180  18:41  Marauder  
  180  18:43  Marine  
  180  18:44  Marine  
  180  18:45  Marine x2, Marauder  
  180  18:47  Marauder  
  161  19:01  Marine  
  159  19:03  Marine x2, Marauder  
  159  19:07  Marauder  
  159  19:08  Marauder  
  114  19:25  Marine x4  
  114  19:26  Marauder  
  114  19:28  Marauder  
  114  19:30  Marauder  
  124  19:40  SCV x3  
  124  19:43  Marine x4  
  131  19:47  Marauder  
  131  19:50  Marauder  
  131  19:51  Marauder  
  131  19:52  SCV x2  
  139  20:01  Marine x4  
Tags
 
Composition
MMM Bio
League
GoldGold
Matchup
PvT
Replay Pack
From the laptop
Spawn Locations
Close Positions
Add a new tag
Caveats
  • Supply blocks, unpowered buildings, or Contaminate may cause inaccurate times.
  • Supply counts are checked every 10 seconds.